PL
PANAMA CITY PIRANHAS @ NORTHERN VIRGINIA RAINBOW MERMAIDS
06/24/2031
 
TOP OF THE 1ST
Panama City Piranhas batting - Pitching for Northern Virginia Rainbow Mermaids : RHP Eric Matson
Pitching: RHP Eric Matson
Batting: RHB Juan Jose Ayala 0-0: Ball
1-0: Called Strike
1-1: Ball
2-1: Swinging Strike
2-2: Foul Ball, location: 2F
2-2: Strikes out swinging
Batting: RHB Baldomero Avino 0-0: Called Strike
0-1: Ball
1-1: Swinging Strike
1-2: Foul Ball, location: 2F
1-2: Strikes out looking
Batting: LHB António Ramos 0-0: Ball
1-0: Ball
2-0: Called Strike
2-1: Foul Ball, location: 2F
2-2: Ball
3-2: Base on Balls
Batting: RHB Tommy Jones 0-0: Called Strike
0-1: Foul Ball, location: 2F
0-2: Ball
1-2: Ball
2-2: Ball
Wild Pitch!
António Ramos to second
3-2: Foul Ball, location: 2F
3-2: Fly out, F6 (Line Drive, 6)
Top of the 1st over - 0 runs, 0 hits, 0 errors, 1 left on base; Panama City 0 - Northern Virginia 0
BOTTOM OF THE 1ST
Northern Virginia Rainbow Mermaids batting - Pitching for Panama City Piranhas : RHP Michael Brown
Pitching: RHP Michael Brown
Batting: RHB Colt Cabana 0-0: Foul Ball, location: 2F
0-1: Ball
1-1: Ball
2-1: Foul Ball, location: 2F
2-2: Fly out, F7 (Flyball, 7S)
Batting: SHB Eustacio Tafalla 0-0: Ball
1-0: Ground out 5-3 (Groundball, 56S)
Batting: LHB Kyoji Hakoda 0-0: SOLO HOME RUN (Flyball, 9LD), Distance : 356 ft
Batting: SHB Melito Báez 0-0: Ball
1-0: Called Strike
1-1: Ball
2-1: Foul Ball, location: 2F
2-2: Foul Ball, location: 2F
2-2: Foul Ball, location: 2F
2-2: Foul Ball, location: 2F
2-2: Ball
3-2: Fly out, F8 (Flyball, 8RM)
Bottom of the 1st over - 1 run, 1 hit, 0 errors, 0 left on base; Panama City 0 - Northern Virginia 1
TOP OF THE 2ND
Panama City Piranhas batting - Pitching for Northern Virginia Rainbow Mermaids : RHP Eric Matson
Batting: LHB Ricardo Collazo 0-0: Called Strike
0-1: Foul Ball, location: 2F
0-2: Foul Ball, location: 2F
0-2: Foul Ball, location: 2F
0-2: Strikes out looking and he ARGUES THE CALL AND IS TOSSED!
Batting: RHB Peter Heard 0-0: Called Strike
0-1: Ball
1-1: Foul Ball, location: 2F
1-2: Foul Ball, location: 2F
1-2: Foul Ball, location: 2F
1-2: Ground out 5-3 (Groundball, 5)
Batting: LHB José Ruíz 0-0: Called Strike
0-1: Ball
1-1: Ball
2-1: Foul Ball, location: 2F
2-2: Strikes out swinging
Top of the 2nd over - 0 runs, 0 hits, 0 errors, 0 left on base; Panama City 0 - Northern Virginia 1
BOTTOM OF THE 2ND
Northern Virginia Rainbow Mermaids batting - Pitching for Panama City Piranhas : RHP Michael Brown
Now at SS: Ted Cook
Batting: LHB Scott Kerin 0-0: Ball
1-0: Called Strike
1-1: Ball
2-1: Foul Ball, location: 2F
2-2: Ball
3-2: SINGLE (Flyball, 7S)
Pitching: RHP Oliver Huerta
Batting: RHB JoJo Victory 0-0: Ball
1-0: Ball
2-0: Called Strike
2-1: Fly out, F7 (Flyball, 7S)
Batting: RHB Zahid Kashani 0-0: Foul Ball, location: 2F
0-1: Ball
1-1: Foul Ball, location: 2F
1-2: SINGLE (Line Drive, 6D)
Scott Kerin to second
Batting: RHB Tommy Socorro 0-0: Ball
1-0: SINGLE (Groundball, 56D)
Scott Kerin to third
Zahid Kashani to second
Batting: RHB Yoshihiro Iwasaki 0-0: Ball
1-0: Ball
2-0: Ball
3-0: Called Strike
3-1: SINGLE (Line Drive, 9S)
Scott Kerin scores
Zahid Kashani to third
Tommy Socorro to second
Batting: RHB Colt Cabana 0-0: Ball
1-0: Ball
2-0: Called Strike
2-1: Called Strike
2-2: DOUBLE (Line Drive, 9LD)
Zahid Kashani scores
Tommy Socorro scores
Yoshihiro Iwasaki to third
Runner from 3rd tries for Home, SAFE, throw made at trailing runner, OUT at third!
Batting: SHB Eustacio Tafalla 0-0: Ball
1-0: Foul Ball, location: 2F
1-1: Swinging Strike
1-2: Foul Ball, location: 2F
1-2: Strikes out swinging
Bottom of the 2nd over - 4 runs, 5 hits, 0 errors, 0 left on base; Panama City 0 - Northern Virginia 5
TOP OF THE 3RD
Panama City Piranhas batting - Pitching for Northern Virginia Rainbow Mermaids : RHP Eric Matson
Batting: RHB Cale Sutton 0-0: Ground out 5-3 (Groundball, 5L)
Batting: LHB Jack Sutherland 0-0: Ground out 4-3 (Groundball, 4)
Batting: RHB Juan Jose Ayala 0-0: Called Strike
0-1: Ball
1-1: Ball
2-1: Foul Ball, location: 2F
2-2: Ground out 1-3 (Groundball, 13S)
Top of the 3rd over - 0 runs, 0 hits, 0 errors, 0 left on base; Panama City 0 - Northern Virginia 5
BOTTOM OF THE 3RD
Northern Virginia Rainbow Mermaids batting - Pitching for Panama City Piranhas : RHP Oliver Huerta
Batting: LHB Kyoji Hakoda 0-0: Ball
1-0: Ball
2-0: Ball
3-0: Called Strike
3-1: Called Strike
3-2: Foul Ball, location: 2F
3-2: Fly out, F8 (Flyball, 8RXD)
Batting: SHB Melito Báez 0-0: Fly out, F9 (Line Drive, 9)
Batting: LHB Scott Kerin 0-0: Reached on error, E4 (Groundball, 34D)
Batting: RHB JoJo Victory 0-0: Called Strike
0-1: Foul Ball, location: 2F
0-2: Strikes out looking
Bottom of the 3rd over - 0 runs, 0 hits, 1 error, 1 left on base; Panama City 0 - Northern Virginia 5
TOP OF THE 4TH
Panama City Piranhas batting - Pitching for Northern Virginia Rainbow Mermaids : RHP Eric Matson
Batting: RHB Baldomero Avino 0-0: SINGLE (Groundball, 6MD)
Batting: LHB António Ramos 0-0: Called Strike
0-1: Called Strike
0-2: Strikes out swinging
Batting: RHB Tommy Jones 0-0: Ball
1-0: Ball
2-0: Ball
3-0: Called Strike
3-1: Called Strike
3-2: Fly out, F7 (Flyball, 7)
Batting: RHB Ted Cook 0-0: Ground out 5-3 (Groundball, 56S)
Top of the 4th over - 0 runs, 1 hit, 0 errors, 1 left on base; Panama City 0 - Northern Virginia 5
BOTTOM OF THE 4TH
Northern Virginia Rainbow Mermaids batting - Pitching for Panama City Piranhas : RHP Oliver Huerta
Batting: RHB Zahid Kashani 0-0: Called Strike
0-1: Ground out 6-3 (Groundball, 6)
Batting: RHB Tommy Socorro 0-0: Ball
1-0: Fly out, F7 (Flyball, 7LS)
Batting: RHB Yoshihiro Iwasaki 0-0: Ball
1-0: Called Strike
1-1: Called Strike
1-2: Fly out, F6 (Line Drive, 6)
Bottom of the 4th over - 0 runs, 0 hits, 0 errors, 0 left on base; Panama City 0 - Northern Virginia 5
TOP OF THE 5TH
Panama City Piranhas batting - Pitching for Northern Virginia Rainbow Mermaids : RHP Eric Matson
Batting: RHB Peter Heard 0-0: Fly out, F7 (Flyball, 7D)
Batting: LHB José Ruíz 0-0: Ground out 4-3 (Groundball, 4)
Batting: RHB Cale Sutton 0-0: Called Strike
0-1: Foul Ball, location: 2F
0-2: Fly out, F7 (Flyball, 78M)
Top of the 5th over - 0 runs, 0 hits, 0 errors, 0 left on base; Panama City 0 - Northern Virginia 5
BOTTOM OF THE 5TH
Northern Virginia Rainbow Mermaids batting - Pitching for Panama City Piranhas : RHP Oliver Huerta
Pitching: LHP Alfonso Zapata
Batting: RHB Colt Cabana 0-0: Called Strike
0-1: Ball
1-1: Called Strike
1-2: Ball
2-2: SINGLE (Line Drive, 34)
Batting: SHB Eustacio Tafalla 0-0: Ball
1-0: Called Strike
1-1: 2-RUN HOME RUN (Flyball, 78XD), Distance : 440 ft
Batting: LHB Kyoji Hakoda 0-0: Foul Ball, location: 2F
0-1: Foul Ball, location: 2F
0-2: Foul Ball, location: 2F
0-2: Foul Ball, location: 2F
0-2: Ball
1-2: Foul Ball, location: 2F
1-2: Foul Ball, location: 2F
1-2: Ball
2-2: Foul Ball, location: 2F
2-2: Ground out U3 (Groundball, 3)
Batting: SHB Melito Báez 0-0: Ball
1-0: Called Strike
1-1: Fly out, F9 (Flyball, 9LD)
Batting: LHB Scott Kerin 0-0: Fly out, F9 (Line Drive, 9D)
Bottom of the 5th over - 2 runs, 2 hits, 0 errors, 0 left on base; Panama City 0 - Northern Virginia 7
TOP OF THE 6TH
Panama City Piranhas batting - Pitching for Northern Virginia Rainbow Mermaids : RHP Eric Matson
Batting: LHB Jack Sutherland 0-0: Fly out, F5 (Line Drive, 5L)
Batting: RHB Juan Jose Ayala 0-0: Ball
1-0: Ball
2-0: Foul Ball, location: 2F
2-1: Foul Ball, location: 2F
2-2: Ball
3-2: SINGLE (Groundball, 3D)
Batting: RHB Baldomero Avino 0-0: Called Strike
0-1: Ball
1-1: Swinging Strike
1-2: Ball
Juan Jose Ayala steals 2nd base
2-2: Fly out, F7 (Flyball, 7)
Batting: LHB António Ramos 0-0: Ball
1-0: Ground out 4-3 (Groundball, 4)
Top of the 6th over - 0 runs, 1 hit, 0 errors, 1 left on base; Panama City 0 - Northern Virginia 7
BOTTOM OF THE 6TH
Northern Virginia Rainbow Mermaids batting - Pitching for Panama City Piranhas : LHP Alfonso Zapata
Batting: RHB JoJo Victory 0-0: Called Strike
0-1: Foul Ball, location: 2F
0-2: Ball
1-2: Strikes out looking
Batting: RHB Zahid Kashani 0-0: Reached on error, E6 (Groundball, 6)
Batting: RHB Tommy Socorro 0-0: Ball
1-0: Called Strike
1-1: Ball
2-1: Foul Ball, location: 2F
2-2: Foul Ball, location: 2F
2-2: Foul Ball, location: 2F
2-2: SINGLE (Flyball, 78M)
Zahid Kashani to second
Batting: RHB Yoshihiro Iwasaki 0-0: Grounds out, U3 (Groundball, 3L)
Zahid Kashani to third
Batting: RHB Colt Cabana 0-0: Ball
1-0: SINGLE (Flyball, 8LS)
Zahid Kashani scores
Tommy Socorro to third
Runner from 3rd tries for Home, SAFE, no throw
Batting: SHB Eustacio Tafalla 0-0: Called Strike
0-1: Ball
1-1: SINGLE (Line Drive, 56)
Colt Cabana to second
Batting: LHB Kyoji Hakoda 0-0: Called Strike
0-1: Ball
1-1: Foul Ball, location: 2F
1-2: Foul Ball, location: 2F
1-2: Hit by Pitch
Colt Cabana to third
Eustacio Tafalla to second
Batting: SHB Melito Báez 0-0: Foul Ball, location: 2F
0-1: Ball
1-1: Ball
2-1: Foul Ball, location: 2F
2-2: Reached on error, E6 (Groundball, 6)
Colt Cabana scores
Eustacio Tafalla to third
Kyoji Hakoda to second
Batting: LHB Scott Kerin 0-0: Ball
1-0: Swinging Strike
1-1: Fly out, F8 (Flyball, 8LXD)
Bottom of the 6th over - 3 runs, 3 hits, 2 errors, 3 left on base; Panama City 0 - Northern Virginia 10
TOP OF THE 7TH
Panama City Piranhas batting - Pitching for Northern Virginia Rainbow Mermaids : RHP Eric Matson
Batting: RHB Tommy Jones 0-0: Foul Ball, location: 2F
0-1: Ball
1-1: Foul Ball, location: 2F
1-2: Strikes out swinging
Pinch Hitting: RHB Fernando Silva 0-0: Ball
1-0: Ball
2-0: Called Strike
2-1: Foul Ball, location: 2F
2-2: Ground out 6-3 (Groundball, 6)
Batting: RHB Peter Heard 0-0: Ball
1-0: Ball
2-0: Fly out, F7 (Line Drive, 7D)
Top of the 7th over - 0 runs, 0 hits, 0 errors, 0 left on base; Panama City 0 - Northern Virginia 10
BOTTOM OF THE 7TH
Northern Virginia Rainbow Mermaids batting - Pitching for Panama City Piranhas : LHP Alfonso Zapata
Now at 2B: Fernando Silva
Batting: RHB JoJo Victory 0-0: Foul Ball, location: 2F
0-1: Foul Ball, location: 2F
0-2: Ball
1-2: Foul Ball, location: 2F
1-2: Foul Ball, location: 2F
1-2: Ground out 5-3 (Groundball, 56)
Batting: RHB Zahid Kashani 0-0: Ball
1-0: Foul Ball, location: 2F
1-1: Ground out 6-3 (Groundball, 56)
Batting: RHB Tommy Socorro 0-0: Foul Ball, location: 2F
0-1: Swinging Strike
0-2: Strikes out swinging
Bottom of the 7th over - 0 runs, 0 hits, 0 errors, 0 left on base; Panama City 0 - Northern Virginia 10
TOP OF THE 8TH
Panama City Piranhas batting - Pitching for Northern Virginia Rainbow Mermaids : RHP Eric Matson
Batting: LHB José Ruíz 0-0: Swinging Strike
0-1: Ball
1-1: SINGLE (Line Drive, 6D)
Batting: RHB Cale Sutton 0-0: Ball
1-0: Swinging Strike
1-1: Foul Ball, location: 2F
1-2: Strikes out swinging
Batting: LHB Jack Sutherland 0-0: Called Strike
0-1: Ground out U3 (Groundball, 3)
José Ruíz to second
Batting: RHB Juan Jose Ayala 0-0: Called Strike
0-1: Ball
1-1: Called Strike
1-2: Ball
2-2: Ground out 5-3 (Groundball, 56)
Top of the 8th over - 0 runs, 1 hit, 0 errors, 1 left on base; Panama City 0 - Northern Virginia 10
BOTTOM OF THE 8TH
Northern Virginia Rainbow Mermaids batting - Pitching for Panama City Piranhas : LHP Alfonso Zapata
Batting: RHB Yoshihiro Iwasaki 0-0: Ball
1-0: SINGLE (Line Drive, 6M)
Pitching: RHP Anderson O'Mara
Batting: RHB Colt Cabana 0-0: Swinging Strike
0-1: Ball
1-1: Ball
2-1: Grounds into double play, 6-4-3 (Groundball, 56)
Pinch Hitting: LHB Ángel Pineda 0-0: Foul Ball, location: 2F
0-1: Called Strike
0-2: Ball
1-2: Ball
2-2: Fly out, F7 (Flyball, 7S)
Bottom of the 8th over - 0 runs, 1 hit, 0 errors, 0 left on base; Panama City 0 - Northern Virginia 10
TOP OF THE 9TH
Panama City Piranhas batting - Pitching for Northern Virginia Rainbow Mermaids : RHP Eric Matson
Pitching: RHP António Alomar
Now at SS: Júlio Vargas
Batting: RHB Baldomero Avino 0-0: Ball
1-0: Ball
2-0: Swinging Strike
2-1: Foul Ball, location: 2F
2-2: Strikes out swinging
Batting: LHB António Ramos 0-0: Foul Ball, location: 2F
0-1: Ball
1-1: Ball
2-1: Foul Ball, location: 2F
2-2: Ball
3-2: Foul Ball, location: 2F
3-2: Base on Balls
Batting: RHB Tommy Jones 0-0: Fly out, F7 (Flyball, 7)
Batting: RHB Fernando Silva 0-0: Foul Ball, location: 2F
0-1: Ball
1-1: Ball
2-1: Foul Ball, location: 2F
2-2: Fielders Choice at 2nd, 5-4 (Groundball, 56)
Top of the 9th over - 0 runs, 0 hits, 0 errors, 1 left on base; Panama City 0 - Northern Virginia 10
Tuesday, June 12th, 2018 - OOTP Baseball 18.8 Build 76